 Dungeon Crawl Stone Soup version 0.30-a0-4-ga7cffc901d (webtiles) character file.

Game seed: 8776270805767140302

56 Setbun the Sneak (level 4, -1/25 HPs)
             Began as a Kobold Enchanter on Aug 20, 2022.
             Slain by a gnoll
             ... wielding a +0 spear
              (8 damage)
             ... on level 3 of the Dungeon.
             The game lasted 00:01:35 (2016 turns).

Setbun the Sneak (Kobold Enchanter)                 Turns: 2016, Time: 00:01:36

Health: -1/25      AC:  2    Str:  5    XL:     4   Next: 15%
Magic:  5/7        EV: 15    Int: 16    God:
Gold:   52         SH:  0    Dex: 17    Spells: 6/8 levels left

rFire   . . .      SeeInvis .    a - +1 dagger
rCold   . . .      Faith    .    (no shield)
rNeg    . . .      Spirit   .    b - +0 robe
rPois   .          Reflect  .    (no helmet)
rElec   .          Harm     .    (no cloak)
rCorr   .          Rampage  .    (no gloves)
Will    .....                    (no boots)
Stlth   ++++......               (no amulet)
HPRegen 0.08/turn                (no ring)
MPRegen 0.10/turn                (no ring)

@: no status effects
A: small, no large weapons, nightstalker 3
a: no special abilities


You were on level 3 of the Dungeon.
You visited 1 branch of the dungeon, and saw 3 of its levels.

You collected 52 gold pieces.

Inventory:

Hand Weapons
 a - a +1 dagger (weapon)
Armour
 b - a +0 robe (worn)
 m - the +2 pair of gloves of Lugonu's Regard {+Blink Int+7 Slay-3 Stlth+}
   (You found it on level 2 of the Dungeon)

   Int:       It affects your intelligence (+7).
   Slay:      It affects your accuracy & damage with ranged weapons and melee
   (-3).
   +Blink:    It lets you blink.
   Stlth:     It makes you more stealthy.
Scrolls
 e - a scroll of fog {unknown}
 g - 2 scrolls of immolation {unknown}
 h - 3 scrolls of identify {unknown}
 j - 3 scrolls of magic mapping {unknown}
 k - 2 scrolls of teleportation {unknown}
 l - 2 scrolls of vulnerability {unknown}
Potions
 c - 2 potions of invisibility
 d - 2 potions of curing {unknown}
 f - a potion of mutation {unknown}
 i - a potion of attraction {unknown}


   Skills:
 + Level 1.1 Fighting
 * Level 3.1 Short Blades
 + Level 2.8 Dodging
 + Level 4.4 Stealth
 + Level 2.5 Spellcasting
 + Level 3.2 Hexes


You had 6 spell levels left.
You knew the following spells:

 Your Spells              Type           Power      Damage    Failure   Level
a - Ensorcelled Hibernat  Hex/Ice        14%        N/A       16%         2

Your spell library contained the following spells:

 Spells                   Type           Power      Damage    Failure   Level
 Confusing Touch          Hex            12%        N/A       16%         3
 Tukima's Dance           Hex            12%        N/A       16%         3
 Magic Dart               Conj           8%         1d3       21%         1
 Call Imp                 Summ           2%         N/A       30%         2
 Dazzling Flash           Conj/Hex       14%        N/A       30%         3
 Mephitic Cloud           Conj/Pois/Air  2%         N/A       52%         3


Dungeon Overview and Level Annotations

Branches:
Dungeon (3/15)

Altars:

Annotations:
D:3 Ijyb


Innate Abilities, Weirdness & Mutations

You are small and have problems with some larger weapons.
You are completely attuned to the shadows.


Message History

There is a stone staircase leading down here.
You climb downwards.
There is a stone staircase leading up here.
l - 2 scrolls labelled DAEDOA GOG KOO (gained 1)
h - 3 scrolls labelled BOXZEA COASA (gained 1)
A gnoll comes into view. It is wielding a +0 spear.
Found 12 gold pieces.
A gnoll is nearby!
A gnoll is nearby!
A gnoll comes into view. It is wielding a +0 spear.
The helpless gnoll fails to defend itself.
You impale the gnoll!!
You kill the gnoll!
You have reached level 4!
Ijyb and 2 gnolls come into view.
Ijyb is wielding a +0 club and carrying a wand of paralysis (11).
A gnoll is wielding a +0 flail of draining.
Found a sling.
You see here a +0 spear.
Found a scroll labelled ZUMOABRIMICK.
The gnoll shouts! x2; You hear a shout!
The gnoll hits you but does no damage.
The gnoll hits you from afar with a +0 spear.
The gnoll hits you with a +0 spear. The gnoll misses you.
Casting: Ensorcelled Hibernation (safe; 16% risk of failure)
Confirm with . or Enter, or press ? or * to list all spells.
Aiming: Ensorcelled Hibernation (safe; 16% risk of failure)
Press: ? - help, Shift-Dir - straight line, f - Ijyb
Aim: Ijyb, wielding a +0 club, wearing a +0 leather armour and carrying a wand of paralysis (11) (chance to affect: 50%) Ijyb looks drowsy...
The gnoll barely misses you.
The helpless Ijyb fails to defend herself.
You impale Ijyb!!
Ijyb is almost dead.
Ijyb hits you with a +0 club.
The gnoll hits you from afar with a +0 spear.
* * * LOW HITPOINT WARNING * * *
You closely miss Ijyb.
Ijyb is almost dead.
The gnoll hits you from afar with a +0 spear!
You die...

.# ... ...##
#...#######
#.#.@ggg..
#...##g.$###
##...###)..#
#..#....##..)
#.?#####.##
## ..# #..###
##...# ###.##
##..#


You could see Ijyb and 3 gnolls.

Vanquished Creatures
  An adder (D:2)
  A gnoll (D:3)
  A dart slug (D:2)
  3 endoplasms (D:1)
  4 giant cockroaches
  5 goblins
  3 hobgoblins
  A quokka (D:2)
  7 ball pythons
  4 bats
  2 frilled lizards
  2 kobolds
  A rat (D:1)
35 creatures vanquished.

Notes
Turn   | Place    | Note
-------+----------+-------------------------------------------
     0 | D:1      | Setbun the Kobold Enchanter began the quest for the Orb.
     0 | D:1      | Reached XP level 1. HP: 10/10 MP: 3/3
   209 | D:1      | Reached XP level 2. HP: 13/16 MP: 5/5
   342 | D:1      | Learned a level 2 spell: Ensorcelled Hibernation
   861 | D:1      | Reached XP level 3. HP: 16/20 MP: 6/6
  1205 | D:1      | Found a faded altar of an unknown god.
  1611 | D:2      | Reached skill level 1 in Fighting
  1820 | D:2      | Identified the +2 pair of gloves of Lugonu's Regard {+Blink
                  | Int+7 Slay-3 Stlth+}
  2005 | D:3      | Reached XP level 4. HP: 25/25 MP: 7/7
  2005 | D:3      | Noticed Ijyb
  2016 | D:3      | Slain by a gnoll

Illustrated notes

Levels and vault maps discovered:
D:1:      wander_arrival_fairy_ring, layout_basic,
          shapermc_ecumenical_altar_pompeii
D:2:      layout_basic
D:3:      layout_rooms, nicolae_overflow_squiral, uniq_ijyb, uniq_natasha,
          uniq_terence, uniq_robin, uniq_jessica

Skill      XL: |  1  2  3 |
---------------+----------+-----
Short Blades   | 2 3 |  3.1
Fighting       | 1 |  1.1
Dodging        | |  2.8
Stealth        | |  4.4
Spellcasting   | |  2.5
Hexes          | |  3.2

Action                   |  1- 3 |  4- 6 || total
-------------------------+-------+-------++-------
Melee: Dagger            |   103 |     2 ||   105
 Cast: Ensorcelled Hiber |       |     1 ||     1
 Stab: Sleeping          |    14 |     1 ||    15
Armor: Robe              |     8 |     1 ||     9
Dodge: Dodged            |    64 |     2 ||    66

Table legend: (Time is in decaauts)
 A = Elapsed time spent in this place.
 B = Non-inter-level travel time spent in this place.
 C = Inter-level travel time spent in this place.
 D = Time resting spent in this place.
 E = Time spent auto-exploring this place.
 F = Levels seen in this place.
 G = Mean time per level.
                   A        B        C        D        E       F      G
               +--------+--------+--------+--------+--------+-----+--------+
         Total |   2003 |   1984 |     19 |    154 |   1590 |   3 |  667.7 |
       Dungeon |   2003 |   1984 |     19 |    154 |   1590 |   3 |  667.7 |
               +--------+--------+--------+--------+--------+-----+--------+

Top non-repeatable levels by time:
     D:1: 1348 daAuts
     D:2: 614 daAuts
     D:3: 40 daAuts
